[Event "Titled Tuesday Blitz June 1 2021"]
[White "Krivonosov, Oleg"]
[Black "Sarana, Alexey"]
[WhiteFideId "11600349"]
[BlackFideId "24133795"]
[WhiteElo "2469"]
[BlackElo "2629"]
[Result "1/2-1/2"]
[Round "03"]
[TimeControl "180+1"]
[Date "2021.06.01"]
[WhiteClock "0:01:18"]
[BlackClock "0:00:42"]

1. Nf3 d5 2. d4 Nf6 3. c4 e6 4. g3 Be7 5. Bg2 O-O 6. O-O dxc4 7. Qa4 a6 8. Qxc4 b5 9. Qc2 Bb7 10. Bg5 Nbd7 11. Bxf6 Bxf6 12. Ng5 Bxg5 13. Bxb7 Rb8 14. Bc6 Rb6 15. e3 Be7 16. Nd2 e5 17. d5 Nc5 18. e4 Bd6 19. b4 Nd7 20. Bxd7 Qxd7 21. a3 c6 22. Nb3 cxd5 23. exd5 Rc8 24. Qd3 Rc4 25. Rac1 Qc7 26. Qd2 Qd7 27. Qd3 Qc8 28. Qd2 Qg4 29. Qd1 Qf5 30. Rxc4 bxc4 31. Na5 1/2-1/2


[Site "https://www.chess.com"]

[Event "Titled Tuesday Blitz June 1 2021"]
[White "Kuzubov, Yuriy"]
[Black "Jia, Haoxiang"]
[WhiteFideId "14112906"]
[BlackFideId "8602999"]
[WhiteElo "2577"]
[BlackElo "2659"]
[Result "1-0"]
[Round "03"]
[TimeControl "180+1"]
[Date "2021.06.01"]
[WhiteClock "0:00:35"]
[BlackClock "0:00:15"]

1. Nf3 c5 2. e4 e6 3. g3 d6 4. Bg2 Nf6 5. Qe2 Qc7 6. O-O b6 7. Nc3 a6 8. d3 Bb7 9. Bf4 Nbd7 10. a4 Be7 11. h3 O-O 12. g4 Rfd8 13. g5 Ne8 14. h4 Bf8 15. h5 Ne5 16. Nh2 g6 17. hxg6 fxg6 18. Bg3 Bg7 19. Nd1 Qe7 20. f4 Nc6 21. c3 b5 22. Ne3 b4 23. Rac1 bxc3 24. bxc3 Nc7 25. Nf3 d5 26. e5 d4 27. Ng4 Nd5 28. cxd4 Nxd4 29. Nxd4 cxd4 30. Nf6+ Bxf6 31. exf6 Qd7 32. Qe5 Ne3 33. Rc7 Bxg2 34. Rxd7 Rxd7 35. Rc1 Bd5 36. Bf2 Nf5 37. Rc7 Rad8 38. Rxd7 Rxd7 39. Bxd4 Kf7 40. Bc5 Nh4 41. Qb8 h6 42. Qf8# 1-0


[Site "https://www.chess.com"]

[Event "Titled Tuesday Blitz June 1 2021"]
[White "Lagarde, Maxime"]
[Black "Krishna Teja, N"]
[WhiteFideId "662399"]
[BlackFideId "5001498"]
[WhiteElo "2630"]
[BlackElo "2278"]
[Result "1-0"]
[Round "03"]
[TimeControl "180+1"]
[Date "2021.06.01"]
[WhiteClock "0:00:29"]
[BlackClock "0:00:15"]

1. e3 e5 2. Nf3 Nc6 3. d4 exd4 4. exd4 d5 5. Bb5 Bg4 6. h3 Bh5 7. g4 Bg6 8. Ne5 Ne7 9. h4 f6 10. Nxg6 hxg6 11. Be3 a6 12. Ba4 Kf7 13. Qf3 b5 14. Bb3 Na5 15. Nc3 Nc4 16. O-O-O c6 17. Ne2 Nc8 18. c3 N8d6 19. Bc2 Qd7 20. Nf4 Ne4 21. Bxe4 dxe4 22. Qxe4 f5 23. gxf5 gxf5 24. Qg2 Qd6 25. h5 Be7 26. Qg6+ Qxg6 27. hxg6+ Kf6 28. Nh5+ Kxg6 29. Rdg1+ Kf7 30. Rxg7+ Kf8 31. Rgg1 Kf7 32. Ng3 Kf6 33. Bf4 Bd6 34. Bxd6 Nxd6 35. Nh5+ Kf7 36. Rg7+ Kf8 37. Rhg1 Re8 38. Nf6 Re6 39. Nd7+ Ke8 40. Ne5 Kf8 41. Ra7 Rhh6 42. Nxc6 Ne4 43. Ne5 Nxf2 44. Rf7+ Ke8 45. Rg8# 1-0


[Site "https://www.chess.com"]

[Event "Titled Tuesday Blitz June 1 2021"]
[White "Lovkov, Roman"]
[Black "Vukovic, Zdravko"]
[WhiteFideId "4157389"]
[BlackFideId "900877"]
[WhiteElo "2387"]
[BlackElo "2523"]
[Result "0-1"]
[Round "03"]
[TimeControl "180+1"]
[Date "2021.06.01"]
[WhiteClock "0:01:10"]
[BlackClock "0:01:19"]

1. e4 e5 2. Nf3 Nc6 3. Bb5 d6 4. d4 exd4 5. Nxd4 Bd7 6. Nc3 Nf6 7. O-O Be7 8. Bxc6 Bxc6 9. Nxc6 bxc6 10. Qd3 O-O 11. Bf4 Re8 12. Rad1 Qb8 13. b3 Nh5 14. Bg3 Bf6 15. Qc4 Nxg3 16. hxg3 Re5 17. Qd3 a5 18. Na4 Qb4 19. c4 Rae8 20. f3 d5 21. cxd5 cxd5 22. exd5 Re3 23. Qd2 Qd6 24. Rfe1 Bd4 25. Kf1 Qa6+ 0-1


[Site "https://www.chess.com"]

[Event "Titled Tuesday Blitz June 1 2021"]
[White "Macovei, Andrei"]
[Black "Atanasov, Anthony"]
[WhiteFideId "13904680"]
[BlackFideId "2623897"]
[WhiteElo "2439"]
[BlackElo "1889"]
[Result "1-0"]
[Round "03"]
[TimeControl "180+1"]
[Date "2021.06.01"]
[WhiteClock "0:01:40"]
[BlackClock "0:00:01"]

1. e4 c5 2. Nf3 d6 3. d4 cxd4 4. Qxd4 Nf6 5. Be2 Nc6 6. Qe3 Ng4 7. Qb3 Bd7 8. O-O Qa5 9. h3 h5 10. Nc3 Nce5 11. Nd5 Rc8 12. c3 e6 13. Ne3 Nxf3+ 14. Bxf3 Nxe3 15. Bxe3 Bc6 16. Rfd1 Be7 17. Rd4 Bg5 18. Bxg5 Qxg5 19. Rad1 O-O 20. Rxd6 Qa5 21. R6d4 Rfd8 22. Rxd8+ Rxd8 23. Rxd8+ Qxd8 24. Qc2 g6 25. Kf1 e5 26. Ke1 Qg5 27. Qd2 Qe7 28. b4 a5 29. a3 axb4 30. axb4 Bb5 31. Be2 Bxe2 32. Kxe2 Qc7 33. Qd3 b5 34. Kd2 Qa7 35. Qxb5 Qxf2+ 36. Qe2 Qf4+ 37. Kc2 f5 38. exf5 Qxf5+ 39. Kb3 e4 40. b5 e3 41. Kc4 Qe4+ 42. Kc5 Qe5+ 43. Kb4 Qd6+ 44. Kb3 Qd5+ 45. Kc2 Qa2+ 46. Kd3 Qd5+ 47. Kxe3 Qe5+ 48. Kd2 Qd5+ 49. Qd3 Qxg2+ 50. Kc1 Qh1+ 51. Kb2 Qh2+ 52. Kb3 Qf2 53. Kb4 Qb2+ 54. Kc5 Qa3+ 55. Kb6 Kg7 56. Qd4+ Kh7 57. c4 1-0


[Site "https://www.chess.com"]

[Event "Titled Tuesday Blitz June 1 2021"]
[White "Makhnev, Denis"]
[Black "Sanal, Vahap"]
[WhiteFideId "13707647"]
[BlackFideId "6300545"]
[WhiteElo "2549"]
[BlackElo "2507"]
[Result "1-0"]
[Round "03"]
[TimeControl "180+1"]
[Date "2021.06.01"]
[WhiteClock "0:00:15"]
[BlackClock "0:00:21"]

1. Nf3 d5 2. d4 Nf6 3. Bf4 c5 4. c3 Nc6 5. dxc5 a5 6. e3 e6 7. Bb5 Bxc5 8. Nbd2 O-O 9. O-O Qb6 10. a4 Na7 11. Be2 Nc6 12. Qb3 Qd8 13. Bb5 Nd7 14. e4 Nf6 15. exd5 Nxd5 16. Bg3 Bd7 17. Rad1 Nf6 18. Nc4 Qe7 19. Nd6 Rab8 20. Rfe1 e5 21. Nxe5 Be6 22. Bc4 Nxe5 23. Bxe5 Ng4 24. Bg3 Qf6 25. Ne4 Qg6 26. Nxc5 Bxc4 27. Qxc4 Rbc8 28. Qb5 h5 29. Nd7 Rfd8 30. Ne5 Nxe5 31. Qxe5 Qc2 32. Rxd8+ Rxd8 33. Qxh5 Qxa4 34. Qe2 Qb3 35. h4 a4 36. h5 Qd5 37. Bf4 Qf5 38. Be3 Rd6 39. Qf3 Qb5 40. Qe2 Qf5 41. Rd1 Re6 42. Qf3 Qb5 43. Rd8+ Re8 44. Rxe8+ Qxe8 45. h6 Kh7 46. Qf5+ Kh8 47. Qg5 gxh6 48. Qxh6+ Kg8 49. Bd4 f6 50. Qxf6 Qd7 51. Qh8+ Kf7 52. Qg7+ Ke6 53. Qxd7+ Kxd7 54. g4 Ke6 55. f4 1-0


[Site "https://www.chess.com"]

[Event "Titled Tuesday Blitz June 1 2021"]
[White "Maly, Alexey"]
[Black "Nguyen, Duc Hoa"]
[WhiteFideId "14103184"]
[BlackFideId "12401358"]
[WhiteElo "2768"]
[BlackElo "2566"]
[Result "1/2-1/2"]
[Round "03"]
[TimeControl "180+1"]
[Date "2021.06.01"]
[WhiteClock "0:01:38"]
[BlackClock "0:00:21"]

1. d4 d5 2. c4 e6 3. Nf3 Nf6 4. e3 c6 5. Nbd2 Nbd7 6. Bd3 Bd6 7. O-O e5 8. cxd5 cxd5 9. e4 O-O 10. exd5 exd4 11. Ne4 Nxe4 12. Bxe4 Nc5 13. Qxd4 Nxe4 14. Qxe4 Re8 15. Qd4 Bf5 16. Re1 Rxe1+ 17. Nxe1 Qc7 18. Nf3 Bc5 19. Qf4 Qd7 20. Be3 Bxe3 21. Qxe3 Qxd5 22. Re1 h6 23. a3 a5 24. h3 Rc8 25. Nd4 Bg6 26. Qe5 Rd8 27. Qxd5 Rxd5 28. Nf3 Rb5 29. Re2 Kf8 30. Nd4 Rd5 31. Rd2 Ke7 32. f3 Kd7 33. Kf2 Kc7 34. Ke3 Kb6 35. b4 axb4 36. axb4 Re5+ 37. Kf4 Rd5 38. Ke3 Re5+ 39. Kf4 Rd5 40. h4 f6 41. Ke3 Re5+ 42. Kf4 Rd5 43. Ke3 Re5+ 44. Kf2 Rd5 45. Ke3 1/2-1/2


[Site "https://www.chess.com"]

[Event "Titled Tuesday Blitz June 1 2021"]
[White "Meissner, Felix"]
[Black "Sumets, Andrey"]
[WhiteFideId "24671827"]
[BlackFideId "14105500"]
[WhiteElo "2390"]
[BlackElo "2619"]
[Result "0-1"]
[Round "03"]
[TimeControl "180+1"]
[Date "2021.06.01"]
[WhiteClock "0:00:39"]
[BlackClock "0:00:13"]

1. e4 e6 2. d4 d5 3. exd5 exd5 4. Bd3 c5 5. Nf3 c4 6. Be2 Bd6 7. O-O Ne7 8. Re1 O-O 9. b3 cxb3 10. axb3 Nbc6 11. c4 Bf5 12. Nc3 a6 13. Bd3 Bxd3 14. Qxd3 Nb4 15. Qb1 h6 16. Ba3 Nbc6 17. Bxd6 Qxd6 18. c5 Qd7 19. b4 Nf5 20. Ne5 Nxe5 21. Rxe5 Nxd4 22. Rxd5 Ne2+ 23. Kf1 Qe6 24. Rd3 Nf4 25. Re3 Qc4+ 26. Kg1 Rfe8 27. Ne4 Qd4 28. Raa3 Nd5 29. Rad3 Qxb4 30. Qxb4 Nxb4 31. Rd7 Rad8 32. Rxd8 Rxd8 33. Nd6 b6 34. g4 bxc5 35. Nb7 Rd1+ 36. Kg2 c4 37. Re8+ Kh7 38. Rc8 Rd4 39. h3 Nd5 40. Kf3 c3 41. Nd6 Rd3+ 42. Ke4 Nb4 43. Nxf7 c2 44. Rh8+ Kg6 45. Ne5+ Kf6 46. Rc8 Rd1 47. Rf8+ Ke7 48. Rf7+ Ke8 0-1


[Site "https://www.chess.com"]

[Event "Titled Tuesday Blitz June 1 2021"]
[White "Mortazavi, Ali"]
[Black "Zierk, Steven"]
[WhiteFideId "401323"]
[BlackFideId "2034255"]
[WhiteElo "2339"]
[BlackElo "2502"]
[Result "0-1"]
[Round "03"]
[TimeControl "180+1"]
[Date "2021.06.01"]
[WhiteClock "0:00:14"]
[BlackClock "0:00:05"]

1. Nf3 d5 2. g3 c6 3. Bg2 Bg4 4. O-O Nf6 5. d3 e6 6. c4 Be7 7. Be3 O-O 8. Qb3 Qc8 9. Nc3 Nbd7 10. Rac1 dxc4 11. Qxc4 Bxf3 12. Bxf3 Ne5 13. Qf4 Nxf3+ 14. Qxf3 a5 15. Bg5 a4 16. Rfd1 a3 17. b3 Qd8 18. d4 Nd5 19. Bxe7 Qxe7 20. Ne4 Rfd8 21. Rd2 Nb4 22. Rcd1 h6 23. Nc3 Qg5 24. h4 Qe7 25. e4 Rd7 26. e5 f5 27. exf6 Qxf6 28. Qe2 Qg6 29. Ne4 b6 30. Re1 Qf7 31. Qc4 Qe7 32. Nc3 Re8 33. Rde2 b5 34. Qc5 Qxc5 35. dxc5 Nd3 36. Rxe6 Rxe6 37. Rxe6 Nb4 38. Re2 Rd3 39. Ne4 Rd1+ 40. Kg2 Ra1 41. Nd6 Rxa2 42. Re8+ Kh7 43. h5 Nd3 44. g4 Rxf2+ 45. Kg3 a2 46. Ra8 g5 47. Ra7+ Kg8 48. Nf5 Rc2 49. Nxh6+ Kf8 50. Nf5 Nxc5 51. h6 Na4 52. h7 a1=Q 53. Ra8+ Kf7 54. h8=Q Qg1+ 55. Kf3 Qf2+ 56. Ke4 Re2+ 57. Kd3 Nc5+ 58. Kc3 Qe1+ 59. Kd4 Qb4# 0-1


[Site "https://www.chess.com"]

[Event "Titled Tuesday Blitz June 1 2021"]
[White "Murzin, Volodar"]
[Black "Alinasab, Mobina"]
[WhiteFideId "44155573"]
[BlackFideId "12528897"]
[WhiteElo "2764"]
[BlackElo "2552"]
[Result "1-0"]
[Round "03"]
[TimeControl "180+1"]
[Date "2021.06.01"]
[WhiteClock "0:00:13"]
[BlackClock "0:00:02"]

1. e4 c5 2. Nf3 d6 3. d4 cxd4 4. Qxd4 Nf6 5. Be2 Nc6 6. Qe3 g6 7. O-O Bg7 8. Rd1 Qc7 9. Nc3 a6 10. Qf4 O-O 11. Qh4 b5 12. Bg5 Re8 13. Bxf6 exf6 14. Nd5 Qd8 15. c3 Be6 16. a4 Bxd5 17. Rxd5 Qe7 18. axb5 axb5 19. Rad1 Qxe4 20. Qxe4 Rxe4 21. Bxb5 Ne7 22. Rxd6 Rb8 23. Rd8+ Rxd8 24. Rxd8+ Bf8 25. Kf1 Kg7 26. Rd7 Nf5 27. Bc6 Re7 28. Rxe7 Nxe7 29. Bb7 f5 30. Ke2 Kf6 31. Kd3 Ke6 32. Ng5+ Ke5 33. Nxf7+ Kf6 34. Nd6 h6 35. Nc4 g5 36. b4 Ke6 37. Nd2 Ng6 38. g3 Bd6 39. Nf3 g4 40. Nd4+ Kf6 41. Kc4 Ne5+ 42. Kd5 Bb8 43. Bc8 Nd3 44. Bxf5 Nxf2 45. c4 Ba7 46. Bc2 Bb8 47. c5 h5 48. Nc6 Bc7 49. b5 h4 50. b6 hxg3 51. hxg3 Bxg3 52. Nd4 Bf4 53. c6 g3 54. c7 Bxc7 55. bxc7 g2 56. Ne2 Ng4 57. c8=Q 1-0


[Site "https://www.chess.com"]

[Event "Titled Tuesday Blitz June 1 2021"]
[White "Narayanan, Srinath"]
[Black "Sekar, B"]
[WhiteFideId "5018420"]
[BlackFideId "5043743"]
[WhiteElo "2472"]
[BlackElo "2187"]
[Result "1-0"]
[Round "03"]
[TimeControl "180+1"]
[Date "2021.06.01"]
[WhiteClock "0:00:34"]
[BlackClock "0:00:01"]

1. Nf3 Nf6 2. b3 g6 3. Bb2 Bg7 4. g3 O-O 5. Bg2 d5 6. O-O c5 7. e3 Nc6 8. d4 Ne4 9. Nbd2 Bf5 10. Nh4 Nxd2 11. Nxf5 Nxf1 12. Nxg7 Kxg7 13. dxc5+ e5 14. Kxf1 d4 15. exd4 exd4 16. Qg4 Qf6 17. Qd7 Rab8 18. Rd1 Rfd8 19. Qc7 Qf5 20. Rd2 Qg5 21. f4 Qf5 22. Bxc6 bxc6 23. Bxd4+ Kg8 24. Be5 Rdc8 25. Qxa7 Ra8 26. Qe7 Qe4 27. Kf2 Re8 28. Qf6 Rxe5 29. Qxe5 Qb4 30. Qd4 Qb7 31. a4 Re8 32. Re2 Rxe2+ 33. Kxe2 Qe7+ 34. Kf2 Qe6 35. a5 Qf5 36. Qc4 Qh3 37. Kg1 Qg4 38. a6 Qd1+ 39. Kf2 Qd2+ 40. Kf3 Qd1+ 41. Ke3 Qe1+ 42. Kd4 Qd2+ 43. Ke5 Qd7 44. Ke4 Qe7+ 45. Kd3 Qd7+ 46. Kc3 1-0


[Site "https://www.chess.com"]

[Event "Titled Tuesday Blitz June 1 2021"]
[White "Narva, Mai"]
[Black "Gokerkan, Cem Kaan"]
[WhiteFideId "4500512"]
[BlackFideId "6336760"]
[WhiteElo "2546"]
[BlackElo "2763"]
[Result "1-0"]
[Round "03"]
[TimeControl "180+1"]
[Date "2021.06.01"]
[WhiteClock "0:00:04"]
[BlackClock "0:00:14"]

1. e4 c5 2. Nf3 d6 3. d4 cxd4 4. Nxd4 Nf6 5. Nc3 g6 6. Be3 Bg7 7. Qd2 Ng4 8. Bg5 Qb6 9. Nb3 Be6 10. h3 Ne5 11. Nd5 Bxd5 12. Qxd5 Nbc6 13. Be2 O-O 14. c3 h6 15. Be3 Qc7 16. O-O Rad8 17. Rad1 e6 18. Qd2 d5 19. exd5 Rxd5 20. Qc1 Kh7 21. Rxd5 exd5 22. Rd1 Rd8 23. Bf4 Qe7 24. Qe3 b6 25. Bb5 Qe6 26. Re1 Re8 27. Rd1 Nc4 28. Qxe6 Rxe6 29. Rxd5 Nxb2 30. Rd7 Ne7 31. Rxa7 Nd5 32. Bc1 Nxc3 33. Bxb2 Ne2+ 34. Bxe2 Bxb2 35. Bc4 Re1+ 36. Kh2 Be5+ 37. g3 Kg7 38. Rxf7+ Kh8 39. Rb7 Bd6 40. Rxb6 Bc5 41. Nxc5 1-0


[Site "https://www.chess.com"]

[Event "Titled Tuesday Blitz June 1 2021"]
[White "Nenezic, Marko"]
[Black "Martinez Alcantara, Jose Eduardo"]
[WhiteFideId "912123"]
[BlackFideId "3805662"]
[WhiteElo "2438"]
[BlackElo "2690"]
[Result "0-1"]
[Round "03"]
[TimeControl "180+1"]
[Date "2021.06.01"]
[WhiteClock "0:00:08"]
[BlackClock "0:00:01"]

1. Nf3 c5 2. c4 Nc6 3. d4 cxd4 4. Nxd4 Nf6 5. Nc3 e6 6. Bf4 d5 7. Nxc6 bxc6 8. e3 Bd6 9. Bg5 Rb8 10. Qc2 Qa5 11. Bxf6 gxf6 12. Be2 O-O 13. O-O f5 14. a3 Be5 15. b4 Qd8 16. Rab1 Kh8 17. g3 Rg8 18. Na4 Qf6 19. Nc5 Bd6 20. cxd5 cxd5 21. Rfc1 f4 22. exf4 Bxf4 23. Rd1 Bd6 24. Bd3 h5 25. Qe2 Qg5 26. Qf3 Rg7 27. Be2 h4 28. Rd4 Kg8 29. Rbd1 Bxc5 30. bxc5 Rb2 31. Rb4 Qe5 32. Bf1 hxg3 33. hxg3 Rc2 34. Rh4 Rxc5 35. Bd3 Rc3 36. Kg2 f5 37. Rdh1 Bd7 38. Rh8+ Kf7 39. Qh5+ Ke7 40. Qh4+ Kd6 41. Qb4+ Rc5 42. Rc1 d4 43. Rb8 Bc6+ 44. Kg1 Rh7 45. f3 Qe3+ 0-1


[Site "https://www.chess.com"]

[Event "Titled Tuesday Blitz June 1 2021"]
[White "Nevednichy, Vladislav"]
[Black "Yoo, Christopher Woojin"]
[WhiteFideId "1205730"]
[BlackFideId "30909694"]
[WhiteElo "2366"]
[BlackElo "2009"]
[Result "1/2-1/2"]
[Round "03"]
[TimeControl "180+1"]
[Date "2021.06.01"]
[WhiteClock "0:00:25"]
[BlackClock "0:00:05"]

1. d4 Nf6 2. Nf3 d5 3. Bf4 Bf5 4. e3 e6 5. Be2 Bd6 6. Bxd6 Qxd6 7. Nbd2 c5 8. O-O Nc6 9. c3 O-O 10. h3 Rfd8 11. Re1 e5 12. dxe5 Nxe5 13. Nxe5 Qxe5 14. Nf3 Qc7 15. Qb3 a6 16. Rad1 b5 17. Qa3 Ne4 18. Nd2 Rab8 19. Nxe4 Bxe4 20. Bd3 a5 21. Bxe4 dxe4 22. c4 bxc4 23. Qc3 Rxd1 24. Rxd1 Qb6 25. Qxc4 Qxb2 26. Rd7 Qa1+ 27. Kh2 Qe5+ 28. g3 Qf5 29. Rd2 h5 30. Qe2 a4 31. Rc2 Rb1 32. Kg2 a3 33. g4 hxg4 34. Qxg4 Qxg4+ 35. hxg4 Rb2 36. Rxc5 Rxa2 37. Ra5 f6 38. Ra4 Kf7 39. Rxe4 Rb2 40. Ra4 a2 41. Kg3 Ke6 42. f4 Kd5 43. e4+ Kc5 44. e5 fxe5 45. fxe5 Kd5 46. Ra5+ Ke6 47. Kf4 Rb4+ 48. Kg5 Rb2 49. Kg6 Rg2 50. g5 Ke7 51. Ra6 Kd7 52. Kf5 Rf2+ 53. Kg6 Rg2 54. Kf7 Rf2+ 55. Kxg7 Rf5 56. g6 Rf2 57. Kh8 Rh2+ 58. Kg8 Ke7 59. g7 Rg2 60. Kh8 Rh2+ 61. Kg8 Rg2 62. Kh7 Rh2+ 63. Kg8 1/2-1/2


[Site "https://www.chess.com"]

[Event "Titled Tuesday Blitz June 1 2021"]
[White "Nguyen, Ngoc Truong Son"]
[Black "Bellahcene, Bilel"]
[WhiteFideId "12401110"]
[BlackFideId "696358"]
[WhiteElo "2596"]
[BlackElo "2493"]
[Result "1/2-1/2"]
[Round "03"]
[TimeControl "180+1"]
[Date "2021.06.01"]
[WhiteClock "0:00:12"]
[BlackClock "0:00:09"]

1. d4 Nf6 2. Nf3 e6 3. c4 c5 4. d5 b5 5. dxe6 fxe6 6. cxb5 a6 7. bxa6 d5 8. g3 Bd6 9. Bg2 O-O 10. O-O Bxa6 11. Re1 Nc6 12. Nc3 Ne5 13. Bg5 Kh8 14. Qc2 Rc8 15. Rad1 d4 16. Bxf6 Qxf6 17. Ne4 Qe7 18. Nxd6 Qxd6 19. Nxe5 Qxe5 20. Qd2 Bc4 21. b3 Ba6 22. e3 d3 23. Rc1 c4 24. bxc4 Rxc4 25. Rxc4 Bxc4 26. Rc1 Bb5 27. a4 Bxa4 28. Qxd3 Qb2 29. Rf1 Bb5 30. Qb1 Qe2 31. h4 h6 32. Be4 Qxf1+ 33. Qxf1 Bxf1 34. Kxf1 Kg8 35. Kg2 Kf7 36. g4 Ke7 37. h5 Rb8 38. Kf3 Rb4 39. Bg6 Kf6 40. Kg3 e5 41. f4 Rb3 42. Kf2 Rc3 43. Ke2 Ra3 44. Kf2 Ra1 45. Ke2 Rg1 46. Kf3 Rh1 47. Kg3 Rc1 48. Kf3 Ke7 49. Ke2 Kd6 50. Kf3 Kd5 51. Bf7+ Kd6 52. Bg6 Kc5 53. Ke2 Kd5 54. Kf3 Rf1+ 55. Ke2 Rc1 56. Kf3 Rc7 57. Ke2 Re7 58. Kf3 Kc5 59. Be4 Kc4 60. g5 Kc5 61. Bf5 Rf7 62. Ke4 exf4 63. exf4 Re7+ 64. Kf3 Kd4 65. Bg6 Rc7 66. Bf5 Kd5 67. Bg6 Kd6 68. Bf5 Ke7 69. Bg6 Rc5 70. Kg4 Ke6 71. Bh7 Ra5 72. Bg8+ Ke7 73. Bh7 Kf8 74. Bg6 Ke7 75. Bh7 Kf7 76. Bg6+ Kg8 77. Bf5 Ra4 78. Kf3 Kf7 79. Bg6+ Ke7 80. Bh7 Ra1 81. Kg4 Ke6 82. Bg8+ Ke7 83. Kf5 Rf1 84. Bh7 hxg5 85. Kxg5 Kf8 86. Bg6 Rg1+ 87. Kf5 Ke7 88. Ke5 Ra1 89. Kf5 Ra5+ 90. Kg4 Kf6 91. Bh7 Ra4 92. Bg6 Ra7 93. Bh7 Ra8 94. Bg6 Rh8 95. Kh4 Rh6 96. Kg4 Rxg6+ 97. hxg6 Kxg6 98. f5+ Kf6 99. Kf4 g6 100. fxg6 Kxg6 1/2-1/2


[Site "https://www.chess.com"]

[Event "Titled Tuesday Blitz June 1 2021"]
[White "NovakCabarkapa"]
[Black "Csonka, Balazs"]
[BlackFideId "742910"]
[WhiteElo "2808"]
[BlackElo "2628"]
[Result "1-0"]
[Round "03"]
[TimeControl "180+1"]
[Date "2021.06.01"]
[WhiteClock "0:00:13"]
[BlackClock "0:00:01"]

1. d4 Nf6 2. Nc3 d5 3. Bf4 c5 4. e3 cxd4 5. exd4 a6 6. Bd3 Nc6 7. Nge2 e6 8. Qd2 Be7 9. O-O-O b5 10. Kb1 Bb7 11. f3 Rc8 12. g4 Nd7 13. h4 Nb6 14. Nc1 Na5 15. h5 Bb4 16. h6 g6 17. N1e2 Nac4 18. Bxc4 Nxc4 19. Qd3 Qa5 20. Bc1 O-O 21. f4 Bxc3 22. Nxc3 Na3+ 23. bxa3 Qxc3 24. f5 Qxd3 25. Rxd3 exf5 26. gxf5 Rce8 27. Bg5 Re4 28. Bf6 Bc8 29. fxg6 fxg6 30. Be5 Bf5 31. Rc3 Re2 32. Kb2 Be4 33. Rg1 Rff2 34. Rc8+ Rf8 35. Rc7 Rf7 36. Rc8+ Rf8 37. Rc6 Rff2 38. Rc1 g5 39. Rxa6 Rxc2+ 40. Rxc2 Rxc2+ 41. Kb3 g4 42. Ra7 Rf2 43. Rg7+ Kf8 44. Rxg4 Rf3+ 45. Kb4 Rf5 46. Kxb5 Rf2 47. a4 Rxa2 48. a5 Rb2+ 49. Kc5 Rc2+ 50. Kb6 Rb2+ 51. Kc6 Rc2+ 52. Kd7 Ra2 53. Ke6 1-0


[Site "https://www.chess.com"]

[Event "Titled Tuesday Blitz June 1 2021"]
[White "Nygren, Kim"]
[Black "Wagner, Dennis"]
[WhiteFideId "1706136"]
[BlackFideId "24650684"]
[WhiteElo "2257"]
[BlackElo "2355"]
[Result "1-0"]
[Round "03"]
[TimeControl "180+1"]
[Date "2021.06.01"]
[WhiteClock "0:00:11"]
[BlackClock "0:00:12"]

1. e4 e5 2. Nf3 Nc6 3. Bb5 a6 4. Ba4 Nf6 5. O-O b5 6. Bb3 Bc5 7. c3 d6 8. h3 O-O 9. d3 h6 10. Be3 Bxe3 11. fxe3 Be6 12. Nbd2 Bxb3 13. Nxb3 Nb8 14. a4 Nbd7 15. axb5 axb5 16. Rxa8 Qxa8 17. Nh4 g6 18. Kh2 Qa7 19. Rf3 Qa4 20. Rg3 Kh7 21. Nf3 Nc5 22. Nfd2 Nh5 23. Rf3 Kg8 24. Rf1 Nxd3 25. Qe2 Nc5 26. Ra1 Nxb3 27. Rxa4 bxa4 28. Nxb3 axb3 29. Qc4 Nf6 30. Qxc7 Nxe4 31. Qb6 h5 32. Qxb3 Kg7 33. Qc4 f5 34. b4 h4 35. Qa2 Rc8 36. c4 Rb8 37. Qa7+ Kh6 38. Qxb8 1-0


[Site "https://www.chess.com"]

[Event "Titled Tuesday Blitz June 1 2021"]
[White "Orujov, Farid"]
[Black "Makhnev, Denis"]
[WhiteFideId "13423533"]
[BlackFideId "13707647"]
[WhiteElo "1748"]
[BlackElo "2549"]
[Result "0-1"]
[Round "03"]
[TimeControl "180+1"]
[Date "2021.06.01"]
[WhiteClock "0:00:01"]
[BlackClock "0:00:16"]

1. e4 e5 2. Nf3 Nc6 3. Bc4 Bc5 4. c3 Nf6 5. d3 a6 6. Nbd2 d6 7. O-O Ba7 8. Re1 Na5 9. b4 Nxc4 10. Nxc4 h6 11. Be3 O-O 12. Bxa7 Rxa7 13. Qe2 Re8 14. Ne3 Ra8 15. a4 a5 16. b5 Nd7 17. Nf5 Nc5 18. N3h4 Qg5 19. Qe3 b6 20. Red1 Be6 21. Qxg5 hxg5 22. Nf3 g4 23. Ne1 d5 24. Ne3 dxe4 25. d4 Nb7 26. dxe5 Rad8 27. g3 Nc5 28. N1g2 Rxd1+ 29. Rxd1 Nxa4 30. c4 Nb2 31. Rc1 a4 32. Ra1 Ra8 33. Nf4 Bxc4 34. Nfd5 Bxd5 35. Nxd5 Ra7 36. Ne7+ Kf8 37. Nc6 Ra8 38. Nd4 Nc4 39. Nc2 Nxe5 40. Kf1 Ke7 41. Ke2 Nc4 42. Kd1 a3 43. Ke2 a2 44. Kd1 Kd6 45. Nb4 Kc5 46. Rxa2 Rxa2 47. Nxa2 f5 48. Nc3 Nd6 49. Ke2 Nxb5 50. Nd1 Kd4 51. Ne3 Nc3+ 52. Kd2 g6 53. Ng2 Nd5 54. Nh4 Ne7 55. Ng2 c5 56. Nf4 b5 57. Ne6+ Kd5 58. Nc7+ Kc6 59. Ne6 Kd6 60. Nf8 b4 61. Kc2 c4 62. Kb2 Kd5 63. Kc2 Nc6 64. Nh7 Nd4+ 65. Kb2 c3+ 66. Kb1 Kc4 67. Nf6 b3 68. Kc1 Ne2+ 69. Kd1 c2+ 70. Kxe2 c1=Q 0-1


[Site "https://www.chess.com"]

[Event "Titled Tuesday Blitz June 1 2021"]
[White "Ozen, Bahadir"]
[Black "Terry, Renato"]
[WhiteFideId "6337058"]
[BlackFideId "3803457"]
[WhiteElo "2503"]
[BlackElo "2581"]
[Result "1-0"]
[Round "03"]
[TimeControl "180+1"]
[Date "2021.06.01"]
[WhiteClock "0:00:19"]
[BlackClock "0:00:01"]

1. e4 e6 2. d4 d5 3. exd5 exd5 4. Nf3 Nc6 5. Bd3 Bd6 6. Nc3 Nge7 7. O-O Bg4 8. Nb5 a6 9. Nxd6+ Qxd6 10. c3 O-O 11. Bxh7+ Kxh7 12. Ng5+ Kg8 13. Qxg4 Qg6 14. Qh3 Nf5 15. Bf4 Rae8 16. Rfe1 b5 17. Qf3 Rd8 18. Re2 Ncxd4 19. cxd4 Nxd4 20. Qe3 Nxe2+ 21. Qxe2 c5 22. Re1 d4 23. h4 d3 24. Qd2 c4 25. f3 Rfe8 26. Rxe8+ Rxe8 27. Ne4 f6 28. a3 Qh5 29. Bg3 Qd5 30. Bf2 Qe5 31. g3 Qd5 32. Kg2 f5 33. Nc3 Qd7 34. Be3 a5 35. Nd1 f4 36. gxf4 Re6 37. f5 Re5 38. Qxa5 Qxf5 39. Qd8+ Kh7 40. Qd4 Re6 41. Nf2 Rg6+ 42. Ng4 Re6 43. Qd7 Kg6 44. h5+ 1-0


[Site "https://www.chess.com"]

[Event "Titled Tuesday Blitz June 1 2021"]
[White "Padmini, Rout"]
[Black "Blohberger, Felix"]
[WhiteFideId "5029295"]
[BlackFideId "1632051"]
[WhiteElo "2196"]
[BlackElo "2434"]
[Result "0-1"]
[Round "03"]
[TimeControl "180+1"]
[Date "2021.06.01"]
[WhiteClock "0:00:07"]
[BlackClock "0:00:06"]

1. e4 c5 2. Nf3 Nc6 3. Bb5 e6 4. Bxc6 bxc6 5. O-O Ne7 6. d3 Ng6 7. e5 f6 8. Re1 Be7 9. Nc3 O-O 10. exf6 gxf6 11. Bh6 Rf7 12. h4 e5 13. h5 Nf8 14. Nh4 d6 15. Qf3 f5 16. Qg3+ Kh8 17. Ng6+ hxg6 18. hxg6 Rg7 19. Bxg7+ Kxg7 20. Kf1 Nxg6 21. Ke2 Bh4 22. Qh2 Nf4+ 23. Kd2 Bg5 24. Re3 Ng6 25. Rh1 Bxe3+ 26. fxe3 Qh8 27. Qg1 Qg8 28. Qh2 Be6 29. Qh6+ Kf6 30. g4 Qh8 31. g5+ Kf7 32. Ne4 Qxh6 33. Nxd6+ Ke7 34. Rxh6 Kxd6 35. Rxg6 Rg8 36. Rh6 Rxg5 37. Rh7 Rg2+ 38. Kc3 a5 39. Ra7 f4 40. exf4 exf4 41. Rxa5 f3 42. Ra8 f2 43. Rf8 Bh3 44. a4 Rh2 45. a5 f1=Q 0-1


[Site "https://www.chess.com"]

[Event "Titled Tuesday Blitz June 1 2021"]
[White "Pajeken, Jakob Leon"]
[Black "Schmakel, Sam"]
[WhiteFideId "12942839"]
[BlackFideId "2039311"]
[WhiteElo "2024"]
[BlackElo "2356"]
[Result "1-0"]
[Round "03"]
[TimeControl "180+1"]
[Date "2021.06.01"]
[WhiteClock "0:00:21"]
[BlackClock "0:00:01"]

1. d4 Nf6 2. Nf3 g6 3. g3 Bg7 4. Bg2 O-O 5. O-O d6 6. c4 Nbd7 7. Nc3 e5 8. h3 c6 9. e4 Qb6 10. Re1 exd4 11. Nxd4 Re8 12. Na4 Qd8 13. b3 Nc5 14. Nc3 a5 15. Bb2 h5 16. Qc2 Nh7 17. Rad1 Ng5 18. Kh2 h4 19. Bc1 hxg3+ 20. fxg3 Qe7 21. Bf4 Be5 22. Be3 Nge6 23. Nxe6 Bxe6 24. Ne2 Rad8 25. Nf4 Bc8 26. Qf2 Bc3 27. Re2 Bg7 28. Bd2 Qc7 29. Rf1 Re7 30. Be3 b6 31. Bxc5 dxc5 32. Rd2 Bd4 33. Qf3 Be5 34. Rfd1 Rxd2 35. Rxd2 Rd7 36. Rxd7 Qxd7 37. Nd3 Bg7 38. e5 Qd4 39. Qxc6 Bf5 40. Qe8+ Kh7 41. Nf4 Bxe5 42. Qxf7+ Kh6 43. Qf8+ Kh7 44. Qe7+ Kh6 45. Ne6 Bxe6 46. Qxe6 Qe3 47. Qg4 Kg7 48. h4 Kf6 49. Kh3 Qf2 50. Qg5+ Ke6 51. Qxg6+ Kd7 52. Qg4+ 1-0


[Site "https://www.chess.com"]